 Dungeon Crawl Stone Soup version 0.26-a0-682-g294304f6e8 (webtiles) character file.

Game seed: 13443645881206055374

0 Gargoyl the Skirmisher (level 1, -6/23 HPs)
             Began as a Gnoll Abyssal Knight on Oct 21, 2020.
             Was a Follower of Lugonu.
             Mangled by a chaos spawn (13 damage)
             ... on level 1 of the Abyss.
             The game lasted 00:00:52 (253 turns).

Gargoyl the Skirmisher (Gnoll Abyssal Knight)        Turns: 253, Time: 00:00:53

Health: -6/23      AC:  7    Str: 14    XL:     1   Next: 0%
Magic:  3/3        EV: 10    Int: 14    God:    Lugonu [*.....]
Gold:   9          SH:  0    Dex: 14    Spells: 0/0 levels left

rFire    . . .     SeeInvis .   a - +1 hand axe
rCold    . . .     Faith    .   (no shield)
rNeg     . . .     Spirit   .   c - +0 scale mail
rPois    .         Reflect  .   (no helmet)
rElec    .         Harm     .   (no cloak)
rCorr    .         Rampage  .   (no gloves)
MR       .....                  (no boots)
Stlth    ..........             (no amulet)
HPRegen  0.07/turn              (no ring)
MPRegen  0.08/turn              (no ring)

@: no status effects
A: distributed training, fangs 1, strong nose
a: Depart the Abyss, Renounce Religion


You were on level 1 of the Abyss.
You worshipped Lugonu.
Lugonu was aware of your devotion.
You visited 0 branches of the dungeon, and saw 0 of its levels.
You visited the Abyss 1 time.

You collected 9 gold pieces.

Inventory:

Hand Weapons
 a - a +1 hand axe (weapon)
Armour
 b - a +0 leather armour
 c - a +0 scale mail (worn)


   Skills:
 + Level 6.4 Fighting
 + Level 0.0 Short Blades
 + Level 0.0 Long Blades
 + Level 4.4 Axes
 + Level 0.0 Maces & Flails
 + Level 0.0 Polearms
 + Level 0.0 Staves
 + Level 0.0 Slings
 + Level 0.0 Bows
 + Level 0.0 Crossbows
 + Level 0.0 Throwing
 + Level 4.4 Armour
 + Level 2.3 Dodging
 + Level 0.0 Stealth
 + Level 0.0 Shields
 + Level 0.0 Unarmed Combat
 + Level 0.0 Spellcasting
 + Level 0.0 Conjurations
 + Level 0.0 Hexes
 + Level 0.0 Summonings
 + Level 0.0 Necromancy
 + Level 0.0 Translocations
 + Level 0.0 Transmutations
 + Level 0.0 Fire Magic
 + Level 0.0 Ice Magic
 + Level 0.0 Air Magic
 + Level 0.0 Earth Magic
 + Level 0.0 Poison Magic
 + Level 4.4 Invocations
 + Level 0.0 Evocations


You couldn't memorise any spells.
You didn't know any spells.
Your spell library was empty.

Dungeon Overview and Level Annotations

Branches:
Dungeon (0/15)

Altars:


Innate Abilities, Weirdness & Mutations

Your experience applies equally to all skills.
You have very sharp teeth.
Your uncanny sense of smell can sniff out nearby items.


Message History

You feel momentarily disoriented.
It was a scroll of magic mapping.
A tentacled starspawn is nearby!
A bone dragon comes into view.
A small abomination comes into view.
Found a ring mail.
An ufetubus comes into view.
A small abomination comes into view.
Found 9 gold pieces.
You see here 9 gold pieces.
You now have 9 gold pieces.
The bone dragon bites you. The bone dragon claws you!
Ouch! That really hurt!
* * * LOW HITPOINT WARNING * * *
The bone dragon tramples you but does no damage.
Found a throwing net.
You see here a throwing net.
A chaos spawn comes into view.
The chaos spawn hits you!
Ouch! That really hurt!
You die...

##...# #
.(##..... ..
#.# ###...# #..
####..#.####..
...#.#...#.≈≈≈
# #........≈≈..
#
#...x###≈###..#
##.#..#4#≈≈≈≈≈#
##.#.D@.#≈..
######.#.##
#≈.. ##.. ## ∆


You could see a bone dragon, a chaos spawn and a small abomination.

Vanquished Creatures (others)
  6 starspawn tentacles (Abyss:1)
6 creatures vanquished.

Notes
Turn   | Place    | Note
-------+----------+-------------------------------------------
     0 | Abyss:1  | Gargoyl the Gnoll Abyssal Knight began the quest for the
                  | Orb.
     0 | Abyss:1  | Reached XP level 1. HP: 23/23 MP: 3/3
    42 | Abyss:1  | Noticed a tentacled starspawn
    52 | Abyss:1  | Noticed a sky beast
   183 | Abyss:1  | Noticed a bone dragon
   191 | Abyss:1  | Noticed a small abomination
   213 | Abyss:1  | Noticed a small abomination
   248 | Abyss:1  | Noticed a chaos spawn
   253 | Abyss:1  | Mangled by a chaos spawn

Illustrated notes

Levels and vault maps discovered:
Abyss:1:  hangedman_abyss_or_decor_lesser_grid

Action                   || total
-------------------------++-------
  Use: Scroll            ||     2
Armor: Leather armour    ||     1
       Scale mail        ||     1

Table legend: (Time is in decaauts)
 A = Elapsed time spent in this place.
 B = Non-inter-level travel time spent in this place.
 C = Inter-level travel time spent in this place.
 D = Time resting spent in this place.
 E = Time spent auto-exploring this place.
 F = Levels seen in this place.
 G = Mean time per level.
                   A        B        C        D        E       F      G
               +--------+--------+--------+--------+--------+-----+--------+
         Total |    253 |    253 |      0 |      0 |    118 |   1 |  253.0 |
         Abyss |    253 |    253 |      0 |      0 |    118 |   1 |  253.0 |
               +--------+--------+--------+--------+--------+-----+--------+

Top non-repeatable levels by time:
 Abyss:1: 253 daAuts
